 Dungeon Crawl Stone Soup version 0.17-a0-1753-g75d4604 (webtiles) character file.

172 shakdrar the Shield-Bearer (level 5, 0/47 HPs)
             Began as a Minotaur Fighter on Sept 2, 2015.
             Slain by an ogre
             ... wielding a +0 giant club
              (15 damage)
             ... on level 3 of the Dungeon.
             The game lasted 00:09:00 (1568 turns).

shakdrar the Shield-Bearer (Minotaur Fighter)       Turns: 1568, Time: 00:09:00

Health: 0/47       AC: 11    Str: 21    XL:     5   Next: 27%
Magic:  4/4        EV:  4    Int:  6    God:
Gold:   72         SH: 12    Dex:  9    Spells: 0 memorised, 4 levels left

rFire  . . .     SeeInvis .     a - +0 war axe
rCold  . . .     Clarity  .     h - +0 plate armour
rNeg   . . .     SustAt   .     i - +2 shield
rPois  .         Gourm    .     (helmet restricted)
rElec  .         Spirit   .     (no cloak)
rCorr  .         Warding  .     (no gloves)
rMut   .         Stasis   .     (no boots)
MR     .....                    (no amulet)
Stlth  ..........               (no ring)
                                (no ring)

@: not resistant to hostile enchantments, extremely unstealthy
A: retaliatory headbutt, horns 2
a: no special abilities


You were on level 3 of the Dungeon.
You were not hungry.

You visited 1 branch of the dungeon, and saw 3 of its levels.

You collected 72 gold pieces.

Inventory:

Hand weapons
 a - a +0 war axe (weapon)
 c - a +0 blowgun
 g - a +1 hand axe of chopping
Armour
 h - a +0 plate armour (worn)
 i - a +2 shield (worn)
Scrolls
 b - a scroll of remove curse {unknown}
 f - a scroll of amnesia
 j - 6 scrolls of identify
 l - a scroll of teleportation
Potions
 d - a potion of might
Books
 k - a book of Ice

   Spells                             Type                      Level
   a - Ice Form                       Ice/Transmutation            4
   b - Metabolic Englaciation         Hexes/Ice                    5
   c - Ozocubu's Refrigeration        Ice                          6
   d - Bolt of Cold                   Conjuration/Ice              6
   e - Freezing Cloud                 Conjuration/Ice/Air          6
   f - Simulacrum                     Ice/Necromancy               6
Comestibles
 e - 2 bread rations
 m - a royal jelly


   Skills:
 + Level 4.6 Fighting
 + Level 3.9 Axes
 + Level 4.3 Armour
 + Level 5.2 Shields


You had 4 spell levels left.
You didn't know any spells.

Dungeon Overview and Level Annotations

Branches:
Dungeon (3/15)

Altars:
Kikubaaqudgha
Nemelex Xobeh
Zin


Innate Abilities, Weirdness & Mutations

You reflexively headbutt those who attack you in melee.
You have a pair of horns on your head.


Message History

You headbutt the ogre.
The ogre is lightly wounded.
The ogre hits you with a giant club.
Your plate armour prevents you from hitting the ogre.
The ogre is lightly wounded.
You block the ogre's attack.
Your shield and plate armour prevent you from hitting the ogre.
Your headbutt misses the ogre.
The ogre is lightly wounded.
The ogre hits you with a giant club!
Your shield and plate armour prevent you from hitting the ogre.
You headbutt the ogre!
The ogre is heavily wounded.
The ogre hits you with a giant club!
* * * LOW HITPOINT WARNING * * *
Your plate armour prevents you from hitting the ogre.
You headbutt the ogre!
The ogre is almost dead.
The ogre hits you with a giant club!
You die...

#..#
.#....(.###.#..........
.#.# #(........#.#...#
.#.#
###...##....#.#...#
.#.. .
.......##..##.#..#
.##...#
###........#...#
......#
#.......#....####
#.(##.#
####.#.............#
#.# .#
#.......###..#.###..#
.# ..#..##@####...# ..#
...# ....# #.O.####...#
.. #. # ...######.#
#.#.# . ..#...O..#
....# ......†.# ..... #
......... ....#.# #
.........######.#
.......... .
.........#.


You could see an ogre.

Vanquished Creatures
  An orc wizard (D:3)
  An orc priest (D:3)
  4 adders
  2 oozes (D:3)
  2 worms
  2 giant geckos
  3 orcs (D:3)
  A ball python (D:2)
  3 giant cockroaches
  5 goblins
  10 hobgoblins
  4 jackals (D:3)
  6 kobolds
  10 bats
  2 giant newts
  9 rats
65 creatures vanquished.

Notes
Turn   | Place    | Note
--------------------------------------------------------------
     0 | D:1      | shakdrar the Minotaur Fighter began the quest for the Orb.
     0 | D:1      | Reached XP level 1. HP: 19/19 MP: 0/0
     3 | D:1      | Noticed an electric eel
     3 | D:1      | Noticed an electric eel
    57 | D:1      | Reached XP level 2. HP: 24/27 MP: 1/1
   157 | D:1      | Reached skill level 4 in Fighting
   309 | D:1      | Reached XP level 3. HP: 33/33 MP: 2/2
   759 | D:2      | Found a sparkling altar of Nemelex Xobeh.
  1147 | D:2      | Reached XP level 4. HP: 38/41 MP: 3/3
  1440 | D:3      | Reached skill level 5 in Shields
  1440 | D:3      | Reached XP level 5. HP: 47/47 MP: 4/4
  1477 | D:3      | Found an ancient bone altar of Kikubaaqudgha.
  1479 | D:3      | Found a glowing silver altar of Zin.
  1553 | D:3      | Noticed an ogre
  1568 | D:3      | Slain by an ogre

Vault maps used:
D:1:      arrival_aquarium_b
D:2:      nemelex_deck
D:3:      nicolae_overflow_hidden_temple

Action                   |  1- 3 |  4- 6 || total
-------------------------+-------+-------++-------
Melee: War axe           |   134 |    60 ||   194
  Use: Scroll            |     5 |     1 ||     6
       Potion            |     3 |     1 ||     4
  Eat: Meat ration       |     1 |       ||     1
